 Dungeon Crawl Stone Soup version 0.24-a0-498-ge00f04a389 (webtiles) character file.

Game seed: 15522827794454118451

259 Gynju the Conjurer (level 5, -1/28 HPs)
             Began as a Deep Elf Conjurer on July 14, 2019.
             Slain by Duvessa
             ... wielding a +0 rapier
              (3 damage)
             ... on level 4 of the Dungeon.
             The game lasted 00:06:04 (3647 turns).

Gynju the Conjurer (Deep Elf Conjurer)              Turns: 3647, Time: 00:06:04

Health: -1/28      AC:  6    Str:  5    XL:     5   Next: 95%
Magic:  0/14       EV: 13    Int: 21    God:
Gold:   87         SH:  0    Dex: 15    Spells: 8/13 levels left

rFire    . . .     SeeInvis .   h - +0 hunting sling
rCold    . . .     Gourm    .   (no shield)
rNeg     . . .     Faith    .   o - +3 leather armour
rPois    .         Spirit   .   (no helmet)
rElec    .         Reflect  .   (no cloak)
rCorr    .         Harm     .   (no gloves)
MR       .....                  (no boots)
Stlth    +++.......             (no amulet)
HPRegen  0.09/turn              (no ring)
MPRegen  0.14/turn              (no ring)

@: no status effects
A: no striking features
a: no special abilities


You were on level 4 of the Dungeon.
You were hungry.

You visited 2 branches of the dungeon, and saw 5 of its levels.

You collected 87 gold pieces.

Inventory:

Hand Weapons
 h - a +0 hunting sling (weapon)
 l - a +0 short sword
Missiles
 g - 69 stones (quivered)
 p - 27 sling bullets
Armour
 a - a +0 robe
 o - a +3 leather armour (worn)
Wands
 s - a wand of disintegration (14)
Scrolls
 k - a scroll of teleportation
 m - 3 scrolls of remove curse
Potions
 b - a potion of ambrosia
 d - a potion of heal wounds {unknown}
 i - 2 potions of curing {unknown}
 j - a potion of mutation {unknown}
 q - a potion of might {unknown}
 r - 2 potions of haste {unknown}
 u - a potion of degeneration {unknown}
Comestibles
 c - 8 rations


   Skills:
 + Level 4.2 Dodging
 + Level 4.5 Stealth
 + Level 4.9 Spellcasting
 + Level 5.4 Conjurations


You had 8 spell levels left.
You knew the following spells:

 Your Spells              Type           Power        Failure   Level  Hunger
a - Magic Dart            Conj           ####         1%          1    None
b - Iskenderun's Mystic   Conj           ####....     19%         4    ####...

Your spell library contained the following spells:

 Spells                   Type           Power        Failure   Level  Hunger
 Searing Ray              Conj           ####..       3%          2    None
 Dazzling Spray           Conj/Hex       ###...       19%         3    ##.....
 Force Lance              Conj/Tloc      ###.....     52%         4    ####...
 Fulminant Prism          Conj/Hex       ###.......   52%         4    ####...


Dungeon Overview and Level Annotations

Branches:
Dungeon (4/15)             Temple (1/1) D:4

Altars:
Ashenzari
Dithmenos
Elyvilon
Gozag
Hepliaklqana
Nemelex Xobeh
Ru
Sif Muna
Uskayaw
Wu Jian
Yredelemnul
The Shining One

Annotations:
D:4 Duvessa


Message History

Confirm with . or Enter, or press ? or * to list all spells.
You don't have enough magic to cast that spell.
Casting: Magic Dart (safe; 1% risk of failure)
Confirm with . or Enter, or press ? or * to list all spells.
You don't have enough magic to cast that spell.
Casting: Magic Dart (safe; 1% risk of failure)
Confirm with . or Enter, or press ? or * to list all spells.
You don't have enough magic to cast that spell.
You are too injured to fight recklessly!
You are too injured to fight recklessly!
You are too injured to fight recklessly!
You are too injured to fight recklessly!
Firing (i - inventory. (/) - cycle)
g - 70 stones (quivered)
Press: ? - help, Shift-Dir - straight line, f/p - Duvessa
Aim: Duvessa, wielding a +0 rapier, wearing a +0 leather armour and carrying a wand of random effects (19) (almost dead)
You shoot a stone.
The stone hits Duvessa but does no damage.
Duvessa is almost dead.
Duvessa hits you with a +0 rapier.
You die...

### ##.#### ######## #.....## **
#......####......# .##*
##..........#.....# .#.#*
###.....#.#...#.....#
.[..####..<...#.#.#.......##
.#...##....#.#.#e#.#.......#
.##...........#.@.#...##...#
.##........).#.#.#.#...#...###
.###..........#.#.#...##.....#
...............#.#......ยง....#
..#..........................#
.###..##.....................#
##*#..........#.....[........####
*,..........................##.#.
,................................


You could see Duvessa.

Vanquished Creatures
  A scorpion (D:2)
  Dowan (D:4)
  Jessica (D:2)
  A gnoll (D:1)
  4 adders
  2 oozes
  2 worms (D:2)
  3 dart slugs
  An orc (D:3)
  A ball python (D:3)
  4 giant cockroaches
  2 gnoll zombies (D:2)
  11 goblins
  7 hobgoblins
  2 jackals (D:4)
  2 quokkas (D:2)
  11 bats
  2 frilled lizards (D:1)
  10 kobolds
  3 rats
71 creatures vanquished.

Notes
Turn   | Place    | Note
-------+----------+-------------------------------------------
     0 | D:1      | Gynju the Deep Elf Conjurer began the quest for the Orb.
     0 | D:1      | Reached XP level 1. HP: 10/10 MP: 6/6
   108 | D:1      | Reached XP level 2. HP: 15/15 MP: 4/8
   192 | D:1      | Found a white marble altar of Elyvilon.
   328 | D:1      | Reached XP level 3. HP: 19/19 MP: 8/10
  1127 | D:2      | Noticed a scorpion
  1135 | D:2      | Killed a scorpion
  1135 | D:2      | Reached skill level 5 in Conjurations
  1135 | D:2      | Reached XP level 4. HP: 24/24 MP: 2/12
  1252 | D:2      | Noticed Jessica
  1256 | D:2      | Killed Jessica
  1256 | D:2      | Reached XP level 5. HP: 28/28 MP: 9/13
  1343 | D:2      | Learned a level 4 spell: Iskenderun's Mystic Blast
  1685 | D:2      | Found a glowing golden altar of the Shining One.
  1748 | D:2      | Found a faded altar of an unknown god.
  1882 | D:2      | Found a basalt altar of Yredelemnul.
  3236 | D:4      | Found a staircase to the Ecumenical Temple.
  3245 | Temple   | Entered the Ecumenical Temple
  3483 | D:4      | Found a deep blue altar of Sif Muna.
  3518 | D:4      | Noticed Dowan
  3536 | D:4      | Killed Dowan
  3536 | D:4      | Noticed Duvessa
  3647 | D:4      | Slain by Duvessa

Levels and vault maps discovered:
D:1:      beargit_arrival_greenhouse, layout_rooms, minmay_hexomino_r4
D:2:      layout_loops_ring, lemuel_crystal_altar,
          lemuel_zombie_altar_yredelemnul, chequers_ecumenical_altar_grove,
          first_ration, uniq_jessica
D:3:      layout_loops_corners, serial_forest, infiniplex_forest_lined_room_3,
          infiniplex_forest_pool, infiniplex_forest_end_2,
          infiniplex_forest_clump_cross, infiniplex_forest_lined_1,
          infiniplex_forest_lined_3, infiniplex_forest_clump_C,
          infiniplex_forest_lined_1, infiniplex_forest_lined_room_,
          infiniplex_forest_clump_double
D:4:      layout_cave_pools, kennysheep_vampire_church, lemuel_blue_sif_altar,
          minmay_temple_entry_grid, kennysheep_decorative_pillar,
          minmay_small_thing, uniq_grinder, uniq_duvessa
Temple:   nicolae_temple_figure_zero

Skill      XL: |  1  2  3  4  5 |
---------------+----------------+-----
Stealth        | 3 4 |  4.5
Dodging        | 3 4 |  4.2
Spellcasting   | 4 |  4.9
Conjurations   | 5 |  5.4

Action                   |  1- 3 |  4- 6 || total
-------------------------+-------+-------++-------
 Fire: Hunting sling     |     2 |    10 ||    12
 Cast: Magic Dart        |    69 |    84 ||   153
       Iskenderun's Myst |       |     5 ||     5
  Use: Scroll            |       |     8 ||     8
  Eat: Chunk             |       |     8 ||     8
Armor: Leather armour    |       |     4 ||     4
Dodge: Dodged            |     2 |    12 ||    14

Table legend:
 A = Non-vault XP
 B = Vault XP
 C = Vault XP percentage of total XP
 D = Non-vault monster count
 E = Vault monster count
 F = Vault count percentage of total count
                 A         B        C        D         E       F
            +---------+---------+-------+---------+---------+-------
      Total |     254 |     117 |  31.5 |      63 |       8 |  11.3
            +---------+---------+-------+---------+---------+-------
        D:1 |      56 |       8 |  12.5 |      23 |       4 |  14.8
        D:2 |     130 |      40 |  23.5 |      17 |       3 |  15.0
        D:3 |      58 |       0 |   0.0 |      20 |       0 |   0.0
        D:4 |      10 |      69 |  87.3 |       3 |       1 |  25.0
            +---------+---------+-------+---------+---------+-------
